 Dungeon Crawl Stone Soup version 0.26-a0-863-g3bff4b215c (webtiles) character file.

Game seed: 17056676979915457267

63 iamoutofideas the Firebug (level 3, 0/19 HPs)
             Began as a Deep Elf Fire Elementalist on Nov 25, 2020.
             Succumbed to an adder's poison
             ... on level 3 of the Dungeon.
             The game lasted 00:01:57 (2535 turns).

iamoutofideas the Firebug (DEFE)                    Turns: 2535, Time: 00:01:57

Health: 0/19       AC:  3    Str:  5    XL:     3   Next: 87%
Magic:  10/10      EV: 13    Int: 20    God:
Gold:   88         SH:  0    Dex: 15    Spells: 8/9 levels left

rFire    . . .     SeeInvis .   (no weapon)
rCold    . . .     Faith    .   (no shield)
rNeg     . . .     Spirit   .   a - +0 robe
rPois    .         Reflect  .   (no helmet)
rElec    .         Harm     .   (no cloak)
rCorr    .         Rampage  .   (no gloves)
MR       .....                  h - +0 pair of boots
Stlth    ++........             e - amulet of magic regeneration
HPRegen  0.06/turn              (no ring)
MPRegen  0.37/turn              (no ring)

@: lethally poisoned (0 -> -2), berserk cooldown
A: no striking features
a: no special abilities


You were on level 3 of the Dungeon.
You visited 1 branch of the dungeon, and saw 3 of its levels.

You collected 88 gold pieces.

Inventory:

Armour
 a - a +0 robe (worn)
 h - a +0 pair of boots (worn)
Jewellery
 e - an amulet of magic regeneration (around neck)
Wands
 j - a wand of paralysis (11)
Scrolls
 b - 2 scrolls of identify {unknown}
 c - a scroll of fog {unknown}
 m - a scroll of remove curse {unknown}


   Skills:
 + Level 3.0 Dodging
 + Level 2.6 Stealth
 + Level 3.7 Spellcasting
 + Level 2.1 Conjurations
 + Level 4.1 Fire Magic


You had 8 spell levels left.
You knew the following spells:

 Your Spells              Type           Power        Failure   Level
a - Foxfire               Conj/Fire      ###.         3%          1

Your spell library contained the following spells:

 Spells                   Type           Power        Failure   Level
 Conjure Flame            Conj/Fire      ###.....     11%         3
 Inner Flame              Hex/Fire       ##......     17%         3
 Sticky Flame             Conj/Fire      ###.....     34%         4
 Fireball                 Conj/Fire      ###.......   69%         5


Dungeon Overview and Level Annotations

Branches:
Dungeon (3/15)

Altars:


Message History

You feel sick.
It was a potion of haste.
You feel yourself speed up.
It was a potion of lignification.
You turn into a tree.
Your +0 pair of boots melds into your body.
Your +0 robe melds into your body.
Your roots penetrate the ground.
It was a potion of cancellation.
Your magical effects are unravelling.
You feel magically purged.
You feel less wooden.
Your +0 pair of boots unmelds from your body.
Your +0 robe unmelds from your body.
You feel yourself speed up.
You feel yourself slow down.
* * * LOW HITPOINT WARNING * * *
You feel sick.
There is a lethal amount of poison in your body!
There is a lethal amount of poison in your body!
Quiver which item? (- for none, * to show all) (? for menu, Esc to quit)
Okay, then.
Found 10 gold pieces.
You die...

# #. #$. .#
#.#. #.#
#...## ).#
...... ..
###...##.#
.........#
#......@#
#.......#
###...#.#
#...#.# ###
#(# #)#
########.##
..........#
.#######(.#


There were no monsters in sight!

Vanquished Creatures
  2 adders (D:3)
  A worm (D:3)
  2 leopard geckos (D:3)
  2 ball pythons
  3 giant cockroaches
  5 goblins
  8 hobgoblins
  A quokka (D:2)
  2 bats (D:1)
  2 frilled lizards (D:1)
  4 kobolds
  7 rats (D:1)
39 creatures vanquished.

Vanquished Creatures (collateral kills)
  2 foxfires (D:2)
2 creatures vanquished.

Vanquished Creatures (others)
  172 foxfires
172 creatures vanquished.

Grand Total: 213 creatures vanquished

Notes
Turn   | Place    | Note
-------+----------+-------------------------------------------
     0 | D:1      | iamoutofideas the Deep Elf Fire Elementalist began the
                  | quest for the Orb.
     0 | D:1      | Reached XP level 1. HP: 10/10 MP: 6/6
   583 | D:1      | Reached XP level 2. HP: 9/15 MP: 4/8
  1142 | D:1      | Reached skill level 4 in Fire Magic
  1708 | D:2      | Reached XP level 3. HP: 19/19 MP: 5/9
  2535 | D:3      | Succumbed to an adder's poison

Illustrated notes

Levels and vault maps discovered:
D:1:      wander_arrival_estate, layout_loops_corners
D:2:      layout_basic, guppyfry_early_lair_pool
D:3:      layout_loops_ring, overflow_temple_1_default, minmay_starry_boxes

Skill      XL: |  1  2  3 |
---------------+----------+-----
Fire Magic     | 4 |  4.1
Conjurations   | 2 |  2.1
Dodging        | 3 |  3.0
Stealth        | |  2.6
Spellcasting   | |  3.7

Action                   || total
-------------------------++-------
Melee: Unarmed           ||     8
 Cast: Foxfire           ||   123
  Use: Potion            ||     6
 Stab: Sleeping          ||     1
Armor: Robe              ||     9
Dodge: Dodged            ||    41

Table legend: (Time is in decaauts)
 A = Elapsed time spent in this place.
 B = Non-inter-level travel time spent in this place.
 C = Inter-level travel time spent in this place.
 D = Time resting spent in this place.
 E = Time spent auto-exploring this place.
 F = Levels seen in this place.
 G = Mean time per level.
                   A        B        C        D        E       F      G
               +--------+--------+--------+--------+--------+-----+--------+
         Total |   2536 |   2481 |     55 |    560 |   1638 |   3 |  845.3 |
       Dungeon |   2536 |   2481 |     55 |    560 |   1638 |   3 |  845.3 |
               +--------+--------+--------+--------+--------+-----+--------+

Top non-repeatable levels by time:
     D:1: 1585 daAuts
     D:2: 541 daAuts
     D:3: 410 daAuts
